 Dungeon Crawl Stone Soup version 0.26.1-11-gd32895ea62 (webtiles) character file.

Game seed: 12321904449028524573

7470 dtburroughs the Cleaver (level 10, -4/91 HPs)
             Began as a Minotaur Berserker on July 23, 2021.
             Was a Priest of Trog.
             Slain by an unseen horror (7 damage)
             ... on level 9 of the Dungeon on July 24, 2021.
             The game lasted 00:23:19 (13835 turns).

dtburroughs the Cleaver (Minotaur Berserker)       Turns: 13835, Time: 00:23:20

Health: -4/91      AC: 16    Str: 22    XL:     10   Next: 94%
Magic:  9/9        EV:  6    Int:  7    God:    Trog [***...]
Gold:   614        SH: 16    Dex: 10    Spells: 9/9 levels left

rFire    . . .     SeeInvis .   a - +0 hand axe
rCold    . . .     Faith    .   z - +0 tower shield
rNeg     . . .     Spirit   .   u - +0 plate armour
rPois    .         Reflect  .   (helmet restricted)
rElec    .         Harm     .   e - +0 cloak (curse)
rCorr    .         Rampage  .   y - +0 pair of gloves
Will     .....                  (no boots)
Stlth    ..........             (no amulet)
HPRegen  0.25/turn              (no ring)
MPRegen  0.11/turn              (no ring)

@: no status effects
A: retaliatory headbutt, horns 2
a: Renounce Religion, Berserk, Trog's Hand


You were on level 9 of the Dungeon.
You worshipped Trog.
Trog was most pleased with you.
You visited 1 branch of the dungeon, and saw 10 of its levels.

You collected 614 gold pieces.

Inventory:

Hand Weapons
 a - a +0 hand axe (weapon)
Armour
 e - a cursed +0 cloak (worn)
 r - a +0 cloak
 u - a +0 plate armour (worn)
 y - a +0 pair of gloves (worn)
 z - a +0 tower shield (worn)
Jewellery
 x - a +6 ring of dexterity
Wands
 h - a wand of disintegration (6)
 t - a wand of acid (6)
 A - a wand of flame (14)
 F - a wand of paralysis (10)
Scrolls
 d - 2 scrolls of immolation
 f - 4 scrolls of remove curse
 g - 2 scrolls of enchant weapon
 k - 9 scrolls of teleportation
 n - 2 scrolls of magic mapping
 v - 2 scrolls of noise
 E - a scroll of torment {unknown}
 H - a scroll of acquirement {unknown}
Potions
 b - a potion of flight {unknown}
 c - 2 potions of might
 i - a potion of ambrosia {unknown}
 j - a potion of brilliance {unknown}
 p - 3 potions of haste
 q - 3 potions of attraction {unknown}
 s - a potion of cancellation {unknown}
 w - a potion of magic {unknown}
 B - a potion of lignification {unknown}


   Skills:
 + Level 9.4 Fighting
 + Level 9.4 Axes
 + Level 9.1 Armour
 + Level 8.3 Dodging
 + Level 7.2 Shields
 + Level 5.3 Evocations


You had 9 spell levels left.
You didn't know any spells.
Your spell library was empty.

Dungeon Overview and Level Annotations

Branches:
Dungeon (10/15)            Temple (0/1) D:4            Lair (0/6) D:9
    Orc: D:9-12

Altars:
Ashenzari
Gozag
Kikubaaqudgha
Nemelex Xobeh
Qazlal
Trog
Vehumet
Wu Jian
Xom
The Shining One

Shops:
D:9 !   D:10 :

Annotations:
D:4 exclusion: statue


Innate Abilities, Weirdness & Mutations

You reflexively headbutt those who attack you in melee.
You have a pair of horns on your head.


Message History

Something hits you but does no damage.
You miss something. Your headbutt misses something.
Something hits you but does no damage. Something completely misses you.
There is a stone staircase leading down here.
Something hits you but does no damage.
You see here a +0 club.
You miss something. Something hits you!
* * * LOW HITPOINT WARNING * * *
There is a stone staircase leading down here.
You block something's attack. Something hits you but does no damage.
You hit something. Something hits you but does no damage.
You closely miss something. Something hits you but does no damage.
You miss something. Something hits you!
* * * LOW HITPOINT WARNING * * *
Something hits you but does no damage.
You closely miss something. Something hits you but does no damage.
Something hits you!
You die...

PP.P..P.P.....##
....P..........#
..P............#
##.....÷>....§§#
###...########§##
# #...# #§§# #
#...# #§§## #
#...# ##.§# #
##### ##@# #§#
###


There were no monsters in sight!

Vanquished Creatures
  Harold (D:8)
  2 two-headed ogres (D:8)
  Psyche (D:8)
  Maggie (D:8)
  Prince Ribbit (D:5)
  Sigmund (D:5)
  5 wraiths (D:7)
  A steam dragon (D:7)
  Grum (D:8)
  A wyvern (D:8)
  A water moccasin (D:8)
  A sky beast (D:8)
  2 black bears
  An ice beast (D:6)
  5 ogres
  A phantom (D:9)
  2 wolves (D:8)
  A centaur (D:8)
  A big kobold (D:8)
  4 bullfrogs
  Blork the orc (D:6)
  4 scorpions
  5 killer bees (D:8)
  A water moccasin skeleton (D:9)
  2 wights (D:7)
  A howler monkey (D:9)
  2 bullfrog zombies
  4 human zombies (D:7)
  2 jellies
  5 hounds
  5 orc wizards
  A centaur skeleton (D:10)
  4 orc priests
  An iguana (D:8)
  Natasha (thrice) (D:2)
  5 worker ants
  2 mummies
  A howler monkey zombie (D:7)
  11 adders
  7 gnolls (D:5)
  A howler monkey skeleton (D:5)
  2 shadow imps
  4 white imps
  2 ufetubi
  An ooze (D:2)
  2 adder skeletons
  An adder zombie (D:8)
  A worm (D:2)
  2 dart slugs
  6 leopard geckos
  26 orcs
  3 ball pythons
  8 bats
  5 giant cockroaches
  9 goblins
  8 hobgoblins
  17 jackals
  10 kobolds
  4 quokkas
  2 frilled lizards
  2 hobgoblin zombies (D:5)
  A jackal skeleton (D:8)
  5 rats
223 creatures vanquished.

Vanquished Creatures (others)
  A wizard (D:9)
  23 fungi (D:9)
  20 plants (D:9)
44 creatures vanquished.

Grand Total: 267 creatures vanquished

Notes
Turn   | Place    | Note
-------+----------+-------------------------------------------
     0 | D:1      | dtburroughs the Minotaur Berserker began the quest for the
                  | Orb.
     0 | D:1      | Reached XP level 1. HP: 19/19 MP: 0/0
   193 | D:1      | Reached XP level 2. HP: 22/27 MP: 1/1
   842 | D:2      | Noticed Natasha
   857 | D:2      | Killed Natasha
   858 | D:2      | Reached XP level 3. HP: 25/33 MP: 2/2
  1146 | D:2      | Noticed Natasha
  1151 | D:2      | Killed Natasha
  1152 | D:2      | Reached XP level 4. HP: 32/40 MP: 3/3
  1511 | D:2      | Reached ** piety under Trog
  1828 | D:2      | Noticed Natasha
  1845 | D:2      | HP: 2/61 [Natasha (6)]
  1846 | D:2      | Killed Natasha
  2239 | D:2      | Reached XP level 5. HP: 47/47 MP: 4/4
  2310 | D:2      | Found a shimmering altar of Xom.
  2689 | D:3      | Found a broken altar of Ashenzari.
  3135 | D:3      | Found a glowing golden altar of the Shining One.
  3338 | D:4      | Found a bloodstained altar of Trog.
  3387 | D:4      | Reached skill level 5 in Fighting
  3387 | D:4      | Reached skill level 5 in Axes
  3390 | D:4      | Reached XP level 6. HP: 34/56 MP: 5/5
  3584 | D:4      | Found a radiant altar of Vehumet.
  4230 | D:4      | Found a staircase to the Ecumenical Temple.
  4234 | D:4      | Reached *** piety under Trog
  4346 | D:5      | Entered Level 5 of the Dungeon
  4496 | D:5      | Reached skill level 5 in Armour
  4579 | D:5      | Reached XP level 7. HP: 9/62 MP: 6/6
  5229 | D:5      | Noticed Sigmund
  5235 | D:5      | Killed Sigmund
  5236 | D:5      | Reached skill level 5 in Dodging
  5236 | D:5      | Reached skill level 1 in Shields
  5236 | D:5      | Reached skill level 1 in Evocations
  5285 | D:5      | Found an opulent altar of Gozag.
  5329 | D:5      | Noticed Prince Ribbit
  5522 | D:5      | Killed Prince Ribbit
  5523 | D:5      | Reached XP level 8. HP: 53/71 MP: 7/7
  6055 | D:6      | Noticed Blork the orc
  6084 | D:6      | Killed Blork the orc
  7058 | D:6      | Found a stormy altar of Qazlal.
  7580 | D:7      | Found a sparkling altar of Nemelex Xobeh.
  7737 | D:7      | Found a shimmering altar of Xom.
  8293 | D:7      | Found an ancient bone altar of Kikubaaqudgha.
  8324 | D:7      | Reached XP level 9. HP: 79/79 MP: 8/8
  9189 | D:8      | Noticed Maggie
  9348 | D:8      | Killed Maggie
  9433 | D:8      | Noticed Grum
  9462 | D:8      | Killed Grum
  9463 | D:8      | Reached skill level 5 in Shields
  9826 | D:8      | Found a sparkling altar of Nemelex Xobeh.
  9861 | D:8      | Noticed Harold
  9868 | D:8      | Killed Harold
 10320 | D:8      | Reached XP level 10. HP: 74/90 MP: 9/9
 10397 | D:8      | Found an ornate altar of the Wu Jian Council.
 11004 | D:8      | Noticed Psyche
 11018 | D:8      | Killed Psyche
 11076 | D:8      | Noticed a two-headed ogre
 11091 | D:8      | Killed a two-headed ogre
 11480 | D:8      | Got a warped mace
 11481 | D:8      | Identified the +10 mace of Focus {pain, *Rage rElec rC+}
                  | (You found it on level 8 of the Dungeon)
 11595 | D:9      | Noticed a two-headed ogre
 12460 | D:8      | Killed a two-headed ogre
 12461 | D:8      | Reached skill level 5 in Evocations
 12888 | D:9      | Found a staircase to the Lair.
 13088 | D:9      | Found Qeudd's Distillery.
 13348 | D:9      | Found a bloodstained altar of Trog.
 13349 | D:9      | Noticed a wizard
 13355 | D:9      | Killed a wizard
 13401 | D:10     | Entered Level 10 of the Dungeon
 13473 | D:10     | Found Cokheura's Book Shoppe.
 13547 | D:10     | Noticed a two-headed ogre
 13760 | D:9      | HP: 4/91 [something (8)]
 13765 | D:9      | HP: 4/91 [something (3)]
 13812 | D:9      | HP: 4/91 [something (7)]
 13832 | D:9      | HP: 2/91 [something (7)]
 13835 | D:9      | Slain by an unseen horror

Illustrated notes

Levels and vault maps discovered:
D:1:      nagdon_arrival_double_spiral, layout_rooms, grunt_decor_junction,
          chequers_serial_rivers_small_a, minmay_misc_feat_five
D:2:      layout_basic, nicolae_overflow_hidden_temple, uniq_natasha
D:3:      layout_loops_ring, evilmike_ruin_ashenzari, lemuel_round_altar
D:4:      layout_basic, vehumet_statue, old_standard_altar,
          minmay_temple_entry_overgrown
D:5:      layout_loops_ring, lemuel_crystal_altar, nicolae_ossuary_entry_giza,
          bh_walls_and_bars, uniq_prince_ribbit1, uniq_sigmund
D:6:      layout_cave_pods, lemuel_crystal_altar, uniq_blork_the_orc
D:7:      layout_loops_ring, lemuel_mausoleum_altar_kikubaaqudgha,
          nemelex_xobeh_ov_fountains_minmay, xom_teletrap_fun
D:8:      layout_basic, lemuel_coloured_pillars_altar,
          nemelex_spade_bored_becter, uniq_grum, uniq_harold, uniq_psyche,
          uniq_maggie
D:9:      layout_rooms, due_lair_maze_entry_diamond, serial_shops,
          nicolae_shop_crystal, trog_wizard
D:10:     layout_loops_corners, david_orc_2, enter_bailey_2, serial_shops,
          nicolae_shop_crystal, hangedman_incinerator

Skill      XL: |  1  2  3  4  5  6  7  8  9 10 |
---------------+-------------------------------+-----
Axes           | 4 5 6 7 8 9 |  9.4
Fighting       | 4 5 6 7 8 9 |  9.4
Armour         | 3 4 5 6 7 9 |  9.1
Dodging        | 3 4 5 6 7 8 |  8.3
Shields        | 2 4 5 7 |  7.2
Evocations     | 1 3 4 5 |  5.3

Action                   |  1- 3 |  4- 6 |  7- 9 | 10-12 || total
-------------------------+-------+-------+-------+-------++-------
Melee: Hand axe          |    35 |   217 |   379 |   301 ||   932
       Headbutt          |     3 |    32 |    73 |    63 ||   171
Invok: Berserk           |     1 |     3 |     2 |     1 ||     7
       Trog's Hand       |       |     6 |     7 |     6 ||    19
Evoke: Wand              |       |       |    12 |       ||    12
  Use: Scroll            |       |     5 |     1 |    11 ||    17
       Potion            |       |       |       |     8 ||     8
 Stab: Sleeping          |       |     1 |       |       ||     1
Armor: Animal skin       |     7 |    29 |       |       ||    36
       Ring mail         |       |    27 |    19 |       ||    46
       Plate armour      |       |       |   162 |   225 ||   387
Dodge: Dodged            |    26 |   158 |    76 |    61 ||   321
Block: Kite shield       |       |       |    45 |       ||    45
       Tower shield      |       |       |   193 |   286 ||   479
